AoeStats
← Ludi

Arena

505504911Analyzed
3v3 RM · 23d ago on Sep 9, 2026· 67m 6s· 6 players
Game mode
Random Map
Map size
Normal (6 player)
Population
200
Speed
Normal
Resources
Standard
Victory
Conquest
Starting age
Dark Age
Ending age
Imperial Age
RankedLock teamsTeams togetherTeam positionsShared explorationLock speedFull tech treeHidden civsTurbo modeCheats
Victory
Defeat
🇨🇴 Japanese · Colombia
994
+13
🇺🇾 Bohemians · Uruguay
943
+16
🇬🇬 Vikings · Guernsey
856
+19
🇩🇰 Khmer · Denmark
956
-17
🇩🇰 Persians · Denmark
937
-16
🇩🇰 Spanish · Denmark
905
-15
andres.arrua
12:12 Feudal Age
16:51 Castle Age
16:41 Horse Collar
16:50 Double-Bit Axe
20:17 Bow Saw
21:00 Heavy Plow
30:48 Imperial Age
30:01 Wheelbarrow
29:31 Caravan
32:47 Two-Man Saw
33:26 Chemistry
36:14 Ballistics
39:12 Elite Hussite Wagon
39:32 Houfnice
42:03 Pikeman
43:25 Squires
44:35 Halberdier
briantorresr25
10:27 Feudal Age
16:31 Castle Age
15:19 Double-Bit Axe
15:43 Horse Collar
25:14 Scale Mail Armor
26:30 Forging
29:40 Iron Casting
29:21 Chain Mail Armor
36:01 Imperial Age
37:54 Pikeman
38:34 Squires
38:18 Capped Ram
38:27 Heavy Scorpion
38:49 Halberdier
40:33 Ballistics
42:09 Plate Mail Armor
42:40 Blast Furnace
42:10 Plate Mail Armor
41:42 Padded Archer Armor
41:34 Fletching
41:49 Padded Archer Armor
41:39 Fletching
41:51 Padded Archer Armor
53:00 Chemistry
61:28 Bow Saw
64:00 Caravan
Goat
3:53 Loom
11:51 Feudal Age
16:39 Castle Age
15:28 Horse Collar
20:10 Double-Bit Axe
21:13 Bow Saw
22:54 Heavy Plow
23:41 Town Watch
25:02 Stone Mining
25:05 Gold Mining
30:12 Imperial Age
27:58 Pikeman
28:39 Squires
28:25 Gambesons
28:25 Arson
28:02 Man-at-Arms
29:06 Fortified Wall
29:16 Ballistics
29:07 Scale Mail Armor
29:18 Forging
30:47 Masonry
31:24 Siege Engineers
32:11 Fletching
32:21 Padded Archer Armor
33:04 Conscription
33:24 Architecture
33:10 Bodkin Arrow
32:38 Elite Skirmisher
34:07 Hoardings
34:10 Bracer
35:07 Leather Archer Armor
35:37 Chain Mail Armor
37:12 Ring Archer Armor
38:52 Plate Mail Armor
38:58 Iron Casting
38:30 Murder Holes
39:08 Scale Barding Armor
39:11 Capped Ram
40:02 Chieftains
42:24 Chemistry
45:02 Chain Barding Armor
45:43 Blast Furnace
45:25 Siege Ram
46:44 Long Swordsman
55:29 Two-Man Saw
55:04 Crop Rotation
54:30 Guard Tower
54:26 Arrowslits
58:31 Elite Berserk
61:33 Two-Handed Swordsman
Ludi
7:06 Loom
10:14 Feudal Age
19:57 Castle Age
18:09 Horse Collar
18:34 Double-Bit Axe
21:09 Heavy Plow
21:21 Bow Saw
26:52 Wheelbarrow
28:11 Sanctity
28:25 Hand Cart
32:59 Imperial Age
31:30 Fortified Wall
31:37 Tusk Swords
31:45 Scale Barding Armor
31:50 Forging
32:07 Husbandry
32:19 Bloodlines
32:46 Chain Barding Armor
33:21 Gold Mining
33:22 Stone Mining
33:50 Guard Tower
34:21 Ballistics
35:21 Gold Shaft Mining
35:49 Plate Barding Armor
35:49 Iron Casting
36:17 Elite Battle Elephant
37:55 Crop Rotation
38:24 Murder Holes
38:40 Masonry
39:40 Blast Furnace
44:14 Architecture
49:11 Chemistry
59:14 Stone Shaft Mining
59:48 Light Cavalry
61:19 Hussar
john f kennedy
11:45 Feudal Age
18:16 Castle Age
19:02 Double-Bit Axe
22:55 Bow Saw
22:31 Horse Collar
24:50 Heavy Plow
25:20 Gold Mining
25:22 Stone Mining
35:16 Imperial Age
37:59 Chemistry
37:22 Ballistics
36:33 Elite Conquistador
39:56 Two-Man Saw
48:01 Stone Shaft Mining
60:26 Scale Barding Armor
60:32 Forging
67:09 Iron Casting
66:55 Chain Barding Armor
Krogx
5:14 Loom
11:29 Feudal Age
13:09 Wheelbarrow
12:21 Double-Bit Axe
12:28 Horse Collar
20:35 Castle Age
18:33 Gold Mining
18:45 Stone Mining
21:17 Bow Saw
21:34 Heavy Plow
22:23 Stone Shaft Mining
23:11 Gold Shaft Mining
23:52 Hand Cart
29:49 Parthian Tactics
29:30 Thumb Ring
28:57 Man-at-Arms
29:22 Gambesons
35:39 Imperial Age
33:15 Fletching
33:26 Padded Archer Armor
33:27 Scale Mail Armor
34:24 Bodkin Arrow
35:05 Ballistics
39:43 Chemistry
48:57 Bodkin Arrow
49:03 Scale Mail Armor
49:18 Leather Archer Armor
52:00 Heavy Cavalry Archer
57:23 Ring Archer Armor
57:08 Chain Mail Armor
Connection lost

Rejoining the realm…

Still unreachable

The connection could not be restored.

Session expired

The server has moved on; the page needs a fresh start.